 Dungeon Crawl Stone Soup version 0.31.0-11-ge490571c62 (webtiles) character file.

Game seed: 17639995130557528784

1124 Aldia the Magician (level 8, -5/41 HPs)
             Began as a Deep Elf Conjurer on Feb 9, 2024.
             Was a Follower of Hepliaklqana.
             Slain by a hornet (16 damage)
             ... on level 5 of the Dungeon.
             The game lasted 00:13:02 (4761 turns).

Aldia the Magician (Deep Elf Conjurer)              Turns: 4761, Time: 00:13:02

Health: -5/41      AC:  5    Str:  4    XL:     8   Next: 13%
Magic:  0/20       EV: 13    Int: 32    God:    Hepliaklqana [*.....]
Gold:   277        SH:  0    Dex: 13    Spells: 9/20 levels left

rFire   . . .        x - +2 dagger (venom)
rCold   . . .        y - orb {mayhem}
rNeg    . . .        e - +1 robe {Will+}
rPois   .            v - +0 helmet
rElec   .            (no cloak)
rCorr   .            m - +0 pair of gloves
SInv    .            (no boots)
Will    +....        d - amulet of regeneration
Stlth   ++           l - ring of wizardry
HPRegen 1.06/turn    u - +6 ring of intelligence
MPRegen 0.17/turn

%: mayhem, wizardry (x1)
@: lethally poisoned (-5 -> -10), slowed, very slow
A: reduced essence
a: Renounce Religion, Recall Ancestor, Ancestor Identity


You were on level 5 of the Dungeon.
You worshipped Hepliaklqana.
Hepliaklqana was aware of your devotion.
You visited 2 branches of the dungeon, and saw 6 of its levels.

You collected 277 gold pieces.

Inventory:

Hand Weapons
 x - a +2 dagger of venom (weapon)
Armour
 b - a +1 ring mail of fire resistance
 e - a +1 robe of willpower (worn)
 m - a +0 pair of gloves (worn)
 v - a +0 helmet (worn)
 y - an orb of mayhem (worn)
Jewellery
 d - an amulet of regeneration (around neck)
 l - a ring of wizardry (left hand)
 n - a ring of positive energy
 o - a ring of see invisible
 u - a +6 ring of intelligence (right hand)
Wands
 q - a wand of mindburst (14)
 w - a wand of flame (28)
Scrolls
 a - a scroll of amnesia {unknown}
 g - a scroll of brand weapon
 h - 2 scrolls of fog
 i - a scroll of vulnerability
 j - a scroll of enchant weapon
 k - a scroll of immolation {unknown}
 s - a scroll of blinking {unknown}
 t - a scroll of noise {unknown}
Potions
 c - a potion of might
 f - a potion of haste {unknown}
 p - a potion of curing
 r - 2 potions of enlightenment


   Skills:
 - Level 3.0 Fighting
 + Level 3.8 Dodging
 - Level 4.0 Stealth
 + Level 6.6 Spellcasting
 + Level 6.2 Conjurations
 * Level 2.0 Translocations
 - Level 5.0 Alchemy


You had 9 spell levels left.
You knew the following spells:

 Your Spells              Type           Power      Damage    Failure   Level
a - Magic Dart            Conj           100%       1d8       1%          1
b - Searing Ray           Conj           100%       2d8       1%          2
c - Fulminant Prism       Conj/Alch      23%        3d12      1%          4
d - Iskenderun's Mystic   Conj/Tloc      37%        2d9       3%          4

Your spell library contained the following spells:

 Spells                   Type           Power      Damage    Failure   Level
 Kiss of Death            Conj/Necr      100%       2d13      1%          1
 Gell's Gravitas          Tloc           23%        N/A       2%          3
 Teleport Other           Tloc           23%        N/A       2%          3
 Flame Wave               Conj/Fire      30%        2d9       4%          4
 Confusing Touch          Hex            10%        N/A       5%          3
 Inner Flame              Hex/Fire       10%        N/A       5%          3
 Sticky Flame             Fire/Alch      26%        2d6       6%          4
 Dispel Undead            Necr           10%        3d9       16%         4
 Dispersal                Tloc           11%        N/A       71%         6


Dungeon Overview and Level Annotations

Branches:
Dungeon (5/15)             Temple (1/1) D:4

Altars:
Ashenzari
Cheibriados
Dithmenos
Elyvilon
Fedhas
Hepliaklqana
Kikubaaqudgha
Makhleb
Nemelex Xobeh
Okawaru
Uskayaw
Vehumet
Wu Jian
Yredelemnul
Zin

Shops:
D:3 (


Message History

The hornet stings Eadburga.
The hornet barely misses Eadburga.
The hornet stings Eadburga!!
Eadburga is destroyed!
Casting: Magic Dart (safe; 1% risk of failure)
Confirm with . or Enter, or press ? or * to list all spells.
Aiming: Fulminant Prism (dangerous; 1% risk of failure)
Press: ? - help, Dir - move target You conjure a prism of explosive energy!
A fulminant prism comes into view.
The hornet stings your fulminant prism!
Your fulminant prism detonates feebly.
Found a scroll of identify.
The hornet buzzes angrily.
Casting: Fulminant Prism (dangerous; 1% risk of failure)
Confirm with . or Enter, or press ? or * to list all spells.
You don't have enough magic to cast this spell.
The hornet buzzes angrily.
The hornet barely misses you. The hornet stings you!
You feel yourself slow down.
Okay, then.
Casting: Fulminant Prism (dangerous; 1% risk of failure)
Confirm with . or Enter, or press ? or * to list all spells.
You erupt in a blast of force!
The mystic blast hits the hornet!
The hornet is moderately wounded.
The hornet is knocked back by the mystic blast.
The hornet barely misses you.
Unknown command.
Unknown command.
Unknown command.
Aiming: Mindburst
Press: ? - help, Shift-Dir - straight line, f - hornet
Aim: a hornet (moderately wounded, fast, strong, frenzied and wild, chance to affect: 55%)
The hornet's mind is blasted!
You feel yourself speed up. The hornet closely misses you.
The hornet stings you!!
Ouch! That really hurt!
* * * LOW HITPOINT WARNING * * *
You are poisoned.
You feel yourself slow down. The hornet stings you!
You die...

....# ##+###
....###.........#.#
..................#
..............?.#.##
##........... .....#
##........# ###.#.!#
..........+ ......#
..........#####....###
...............y@....#
..............!......#
..##.................#
.. #.................#
..+.######...........#
. #. .............# #.
#.............#
#.....#.##.####
###...#.# .#


You could see a neutral hornet (fast, strong, frenzied).

Vanquished Creatures
  Sigmund (D:2)
  Edmund (D:4)
  A water moccasin (D:5)
  Duvessa (D:4)
  An ogre (D:4)
  A scorpion (D:5)
  Dowan (D:4)
  3 killer bees (D:5)
  2 bombardier beetles
  A jelly (D:5)
  2 orc wizards (D:4)
  4 gnolls (D:3)
  3 adders
  4 dart slugs
  A ribbon worm (D:2)
  17 orcs
  4 bats
  11 endoplasms
  3 giant cockroaches
  9 goblins
  6 hobgoblins
  6 jackals
  3 quokkas
  8 ball pythons
  A frilled lizard (D:2)
  6 kobolds
  5 rats
106 creatures vanquished.

Vanquished Creatures (collateral kills)
  An ancestor (D:5)
  A fulminant prism (D:5)
2 creatures vanquished.

Vanquished Creatures (others)
  9 fulminant prisms
9 creatures vanquished.

Grand Total: 117 creatures vanquished

Notes
Turn   | Place    | Note
-------+----------+-------------------------------------------
     0 | D:1      | Aldia the Deep Elf Conjurer began the quest for the Orb.
     0 | D:1      | Reached XP level 1. HP: 10/10 MP: 6/6
   214 | D:1      | Reached XP level 2. HP: 16/16 MP: 6/8
   476 | D:1      | Learned a level 2 spell: Searing Ray
   639 | D:1      | Found a faded altar of an unknown god.
   867 | D:1      | Reached XP level 3. HP: 20/20 MP: 6/9
  1384 | D:2      | Reached skill level 5 in Conjurations
  1483 | D:2      | Reached skill level 1 in Fighting
  1608 | D:2      | Noticed Sigmund
  1615 | D:2      | Killed Sigmund
  1616 | D:2      | Reached XP level 4. HP: 25/25 MP: 4/12
  1616 | D:2      | Reached XP level 5. HP: 29/29 MP: 4/13
  1981 | D:2      | Learned a level 4 spell: Fulminant Prism
  2129 | D:2      | Learned a level 4 spell: Iskenderun's Mystic Blast
  2130 | D:3      | Found Muobiq's Antique Weapon Boutique.
  2285 | D:3      | Found a hide-covered altar of Uskayaw.
  2392 | D:3      | Reached skill level 1 in Alchemy
  2392 | D:3      | Reached XP level 6. HP: 34/34 MP: 6/14
  3215 | D:4      | Noticed Dowan
  3221 | D:4      | Killed Dowan
  3285 | D:4      | Reached skill level 5 in Spellcasting
  3364 | D:4      | Found a staircase to the Ecumenical Temple.
  3373 | Temple   | Entered the Ecumenical Temple
  3391 | Temple   | Became a worshipper of Hepliaklqana the Forgotten
  3424 | D:4      | Noticed Duvessa
  3424 | D:4      | Noticed Edmund
  3433 | D:4      | Killed Duvessa
  3434 | D:4      | Reached XP level 7. HP: 34/40 MP: 1/17
  3436 | D:4      | Killed Edmund
  3970 | D:4      | Found a radiant altar of Vehumet.
  4496 | D:5      | Entered Level 5 of the Dungeon
  4502 | D:5      | Reached skill level 5 in Alchemy
  4709 | D:5      | Noticed a hornet
  4725 | D:5      | Reached skill level 1 in Translocations
  4747 | D:5      | Reached * piety under Hepliaklqana
  4751 | D:5      | Reached XP level 8. HP: 41/41 MP: 12/19
  4761 | D:5      | Slain by a hornet

Illustrated notes

Levels and vault maps discovered:
D:1:      ncdulo_smallfort, layout_basic, hellmonk_ecumenical_altar_slurped_away
D:2:      layout_basic, wad_woods_river_04, uniq_sigmund
D:3:      layout_basic, mainiacjoe_overflow_chevrons, serial_shops, shop,
          minmay_misc_feat_secret_circle
D:4:      layout_layer_cave, vehumet_altar_wand_db,
          minmay_temple_entry_sparse_star, uniq_edmund, uniq_duvessa
D:5:      layout_basic, serial_shops, shop, kennysheep_cluttered_room,
          uniq_pikel
Temple:   nicolae_temple_bog_church

Skill      XL: |  1  2  3  4  5  6  7  8 |
---------------+-------------------------+-----
Stealth        | 4 |  4.0
Conjurations   | 5 6 |  6.2
Fighting       | 1 2 3 |  3.0
Dodging        | 3 |  3.8
Spellcasting   | 4 5 6 |  6.6
Alchemy        | 1 3 5 |  5.0
Translocations | 1 2 |  2.0

Action                     |  1- 3 |  4- 6 |  7- 9 || total
---------------------------+-------+-------+-------++-------
  Melee: Dagger            |       |     1 |     1 ||     2
   Cast: Magic Dart        |    72 |    53 |    38 ||   163
         Searing Ray       |     1 |     5 |     3 ||     9
         Fulminant Prism   |       |     6 |     4 ||    10
         Iskenderun's Myst |       |     2 |     2 ||     4
  Evoke: Wand              |       |       |     2 ||     2
    Use: Scroll            |     2 |     5 |       ||     7
         Potion            |       |     1 |       ||     1
 Armour: Robe              |     1 |     3 |     8 ||    12
  Dodge: Dodged            |     5 |     3 |     6 ||    14
